 Dungeon Crawl Stone Soup version 0.31-a0-166-g46f44d267d (webtiles) character file.

Game seed: 5017694859986737691

68 qw the Shooter (level 4, -4/39 HPs)
             Began as a Naga Hunter on June 13, 2023.
             Slain by a gnoll
             ... wielding a +0 halberd
              (9 damage)
             ... on level 3 of the Dungeon.
             The game lasted 00:00:38 (1679 turns).

qw the Shooter (Naga Hunter)                        Turns: 1679, Time: 00:00:38

Health: -4/39      AC:  3    Str: 10 (13) XL:     4   Next: 19%
Magic:  4/4        EV:  9    Int:  8 (10) God:
Gold:   109        SH:  0    Dex: 14 (16) Spells: 3/3 levels left

rFire   . . .        Y - +1 shortbow
rCold   . . .        (shield currently unavailable)
rNeg    . . .        c - +0 leather armour
rPois   +            (no helmet)
rElec   .            (no cloak)
rCorr   .            g - +0 pair of gloves
SInv    +            (no barding)
Will    .....        a - amulet of faith
Stlth   ++           (no ring)
HPRegen 0.26/turn    (no ring)
MPRegen 0.09/turn

%: faith
@: short of breath, very slow
A: AC +1, large, see invisible, deformed body, poison resistance, slowness 2,
spit poison 1, naga tail 1
a: Spit Poison


You were on level 3 of the Dungeon.
You visited 1 branch of the dungeon, and saw 3 of its levels.

You collected 109 gold pieces.


Innate Abilities, Weirdness & Mutations

Your serpentine skin is tough. (AC +1)
You have supernaturally acute eyesight. (SInv)
Armour fits poorly on your strangely shaped body.
Your system is resistant to poisons. (rPois)
You cover ground very slowly.
You can spit poison.
You have a snake-like lower body.


   Skills:
 + Level 2.3 Fighting
 - Level 5.0 Ranged Weapons
 - Level 1.5 Dodging
 - Level 1.5 Stealth


You had 3 spell levels left.
You didn't know any spells.
Your spell library was empty.

Inventory:

Hand Weapons
 Y - a +1 shortbow (weapon)
Armour
 c - a +0 leather armour (worn)
 g - a +0 pair of gloves (worn)
Jewellery
 a - an amulet of faith (around neck)
 b - an amulet of reflection
Scrolls
 e - a scroll of immolation {unknown}
 h - 3 scrolls of identify
Potions
 d - a potion of magic {unknown}
 f - 2 potions of heal wounds
 i - a potion of resistance
 l - 3 potions of curing

Dungeon Overview and Level Annotations

Branches:
Dungeon (3/15)

Altars:


Message History

You kill the worm!
You have got your breath back.
You feel your dexterity returning.
e - a scroll labelled WOXIDO ADOS
Enter note:
There is a stone staircase leading down here.
h - 3 scrolls of identify (gained 1)
A gnoll comes into view. It is wielding a +0 whip of freezing.
The gnoll shouts!
You hear a shout!
Enter note:
1674 ||| INVOKING Spit Poison.
Aiming: Spit Poison (1% risk of failure)
Press: ? - help, Shift-Dir - straight line, f - gnoll The splash of poison misses the gnoll.
You shoot an arrow. The arrow barely misses the gnoll.
You hear a shout!
The gnoll hits you with a +0 whip of freezing.
The gnoll freezes you.
You shoot an arrow. The arrow barely misses the gnoll.
The gnoll hits you with a +0 whip of freezing.
The gnoll freezes you.
A gnoll comes into view. It is wielding a +0 flail.
A gnoll comes into view. It is wielding a +0 halberd.
The gnoll completely misses you.
You shoot an arrow. The arrow closely misses the gnoll.
The arrow barely misses the gnoll.
You have got your breath back.
The gnoll barely misses you.
1678 ||| INVOKING Spit Poison.
Aiming: Spit Poison (1% risk of failure)
Press: ? - help, Shift-Dir - straight line, f/p - gnoll The splash of poison hits the gnoll.
The gnoll is poisoned.
The gnoll is lightly wounded.
The gnoll hits you from afar with a +0 halberd!
You shoot an arrow. The arrow hits the gnoll!
The gnoll is heavily wounded.
The gnoll hits you with a +0 whip of freezing!
The gnoll freezes you.
The gnoll hits you from afar with a +0 halberd!
You die...

#.#.##....<......#
..#.##.#####.###.#
.##.# .# #.# .# #.
#.# .# #.# .# #.
#.# .# #.# .# #.#
.# #.# .. #.# #
#.# ## #.##.###
#.# #g@....# #..
#.g....#
.g........#
####...^....
#.....#.# ##.####
# .# .#


You could see 3 gnolls.

Vanquished Creatures
  A worm (D:3)
  2 dart slugs (D:1)
  5 orcs (D:3)
  7 endoplasms
  4 giant cockroaches
  3 hobgoblins
  3 quokkas
  7 ball pythons
  3 bats
  2 frilled lizards (D:1)
  7 goblins
  5 kobolds
  4 rats
53 creatures vanquished.

Notes
Turn   | Place    | Note
-------+----------+-------------------------------------------
     0 | D:1      | qw the Naga Hunter began the quest for the Orb.
     0 | D:1      | Reached XP level 1. HP: 19/19 MP: 1/1
     0 | D:1      | 0 ||| qw: Version: 0.2-a-29-gc1b59c4
     0 | D:1      | 0 ||| qw: Game counter: 4835
     0 | D:1      | 0 ||| qw: Always use a shield: true
     0 | D:1      | 0 ||| qw: God list: Okawaru
     0 | D:1      | 0 ||| qw: Allow faded altars: false
     0 | D:1      | 0 ||| qw: Do Orc after D:15 true
     0 | D:1      | 0 ||| qw: Do second Lair branch before Depths: true
     0 | D:1      | 0 ||| qw: Lair rune preference: random
     0 | D:1      | 0 ||| qw: Plans: Normal
     0 | D:1      | 0 ||| PLANNING D:1-11
    24 | D:1      | 24 ||| INVOKING Spit Poison.
    28 | D:1      | 28 ||| FLEEEEING.
    29 | D:1      | 29 ||| FLEEEEING.
    31 | D:1      | 31 ||| FLEEEEING.
    32 | D:1      | 32 ||| FLEEEEING.
    33 | D:1      | 33 ||| FLEEEEING.
    34 | D:1      | 34 ||| FLEEEEING.
    35 | D:1      | 35 ||| FLEEEEING.
    36 | D:1      | 36 ||| FLEEEEING.
    37 | D:1      | 37 ||| FLEEEEING.
    38 | D:1      | 38 ||| FLEEEEING.
    44 | D:1      | 44 ||| FLEEEEING.
    45 | D:1      | 45 ||| FLEEEEING.
    46 | D:1      | 46 ||| FLEEEEING.
    56 | D:1      | 56 ||| INVOKING Spit Poison.
   127 | D:1      | 127 ||| INVOKING Spit Poison.
   132 | D:1      | 132 ||| INVOKING Spit Poison.
   135 | D:1      | Reached skill level 4 in Ranged Weapons
   135 | D:1      | Reached XP level 2. HP: 26/26 MP: 2/2
   158 | D:1      | 158 ||| INVOKING Spit Poison.
   188 | D:1      | 188 ||| INVOKING Spit Poison.
   207 | D:1      | 207 ||| INVOKING Spit Poison.
   270 | D:1      | 270 ||| INVOKING Spit Poison.
   312 | D:1      | 312 ||| INVOKING Spit Poison.
   343 | D:1      | 343 ||| INVOKING Spit Poison.
   376 | D:1      | 376 ||| INVOKING Spit Poison.
   433 | D:1      | 433 ||| INVOKING Spit Poison.
   479 | D:1      | 479 ||| INVOKING Spit Poison.
   575 | D:1      | 575 ||| INVOKING Spit Poison.
   647 | D:1      | 647 ||| UPGRADING to +0 pair of gloves.
   652 | D:1      | 652 ||| READING scroll labelled PAMATYI ZOLLAN.
   653 | D:1      | 653 ||| READING scroll labelled ARHULE JE XAIKK.
   654 | D:1      | 654 ||| READING 2 scrolls labelled OCIAGA TUETOUCOTS.
   655 | D:1      | 655 ||| READING scroll labelled RUMUGH AMOE.
   656 | D:1      | 656 ||| READING scroll labelled OREQAGE OWAEB.
   657 | D:1      | 657 ||| DRINKING 2 bubbling green potions.
   658 | D:1      | 658 ||| DROPPING scroll of butterflies.
   694 | D:2      | 694 ||| INVOKING Spit Poison.
   695 | D:2      | Reached XP level 3. HP: 32/32 MP: 3/3
   703 | D:2      | 703 ||| INVOKING Spit Poison.
   729 | D:2      | 729 ||| INVOKING Spit Poison.
   753 | D:2      | 753 ||| INVOKING Spit Poison.
   776 | D:2      | 776 ||| INVOKING Spit Poison.
   795 | D:2      | 795 ||| INVOKING Spit Poison.
   801 | D:2      | 801 ||| INVOKING Spit Poison.
   896 | D:2      | 896 ||| INVOKING Spit Poison.
   913 | D:2      | 913 ||| INVOKING Spit Poison.
   919 | D:2      | 919 ||| INVOKING Spit Poison.
  1027 | D:2      | 1027 ||| INVOKING Spit Poison.
  1344 | D:2      | 1344 ||| INVOKING Spit Poison.
  1352 | D:2      | 1352 ||| INVOKING Spit Poison.
  1357 | D:2      | 1357 ||| INVOKING Spit Poison.
  1472 | D:2      | 1472 ||| UPGRADING to amulet of faith.
  1477 | D:2      | 1477 ||| DRINKING 3 fizzy silvery potions.
  1478 | D:2      | 1478 ||| READING 4 scrolls of identify.
  1478 | D:2      | 1478 ||| IDENTIFYING green potion
  1479 | D:2      | 1479 ||| READING 3 scrolls of identify.
  1479 | D:2      | 1479 ||| IDENTIFYING lumpy green potion
  1480 | D:2      | 1480 ||| DROPPING 2 potions of degeneration.
  1499 | D:3      | 1499 ||| INVOKING Spit Poison.
  1505 | D:3      | 1505 ||| INVOKING Spit Poison.
  1510 | D:3      | Reached skill level 5 in Ranged Weapons
  1510 | D:3      | Reached XP level 4. HP: 39/39 MP: 4/4
  1538 | D:3      | 1538 ||| INVOKING Spit Poison.
  1547 | D:3      | 1547 ||| INVOKING Spit Poison.
  1559 | D:3      | 1559 ||| INVOKING Spit Poison.
  1636 | D:3      | 1636 ||| INVOKING Spit Poison.
  1674 | D:3      | 1674 ||| INVOKING Spit Poison.
  1678 | D:3      | 1678 ||| INVOKING Spit Poison.
  1679 | D:3      | HP: 9/39 [gnoll/+0 whip of freezing (9)]
  1679 | D:3      | Slain by a gnoll

Levels and vault maps discovered:
D:1:      tarquinn_simple_flora_water_a, layout_loops_ring
D:2:      minmay_skewed_foursquare, layout_loops_ring, kennysheep_generic_room_4
D:3:      layout_loops_ring, eat_drink_and_be_merry_uskayaw,
          uniq_crazy_yiuf_cottage, uniq_jessica

Skill      XL: |  1  2  3 |
---------------+----------+-----
Ranged Weapons | 4 5 |  5.0
Fighting       | |  2.3
Dodging        | |  1.5
Stealth        | |  1.5

Action                     |  1- 3 |  4- 6 || total
---------------------------+-------+-------++-------
   Fire: Shortbow          |    63 |    11 ||    74
Ability: Spit Poison       |    30 |     6 ||    36
    Use: Scroll            |     7 |       ||     7
         Potion            |     2 |       ||     2
 Armour: Leather armour    |     7 |       ||     7
  Dodge: Dodged            |    13 |     2 ||    15

Table legend:
 A = Non-vault XP
 B = Vault XP
 C = Vault XP percentage of total XP
 D = Non-vault monster count
 E = Vault monster count
 F = Vault count percentage of total count
                 A         B        C        D         E       F
            +---------+---------+-------+---------+---------+-------
      Total |      84 |      14 |  14.3 |      45 |       8 |  15.1
            +---------+---------+-------+---------+---------+-------
        D:1 |      33 |       0 |   0.0 |      19 |       0 |   0.0
        D:2 |      21 |      14 |  40.0 |      14 |       8 |  36.4
        D:3 |      30 |       0 |   0.0 |      12 |       0 |   0.0
            +---------+---------+-------+---------+---------+-------
